 Dungeon Crawl Stone Soup version 0.26.1-11-gd32895ea62 (webtiles) character file.

Game seed: 14397315043298048517

53 Arcadio the Grasshopper (level 3, 0/31 HPs)
             Began as a Palentonga Warper on May 18, 2021.
             Slain by an adder (4 damage)
             ... on level 2 of the Dungeon.
             The game lasted 00:03:32 (1806 turns).

Arcadio the Grasshopper (Palentonga Warper)         Turns: 1806, Time: 00:03:32

Health: 0/31       AC:  4    Str: 15    XL:     3   Next: 64%
Magic:  2/6        EV:  9    Int: 13    God:
Gold:   112        SH:  0    Dex:  9    Spells: 4/6 levels left

rFire    . . .     SeeInvis +   a - +0 falchion
rCold    . . .     Faith    .   (no shield)
rNeg     . . .     Spirit   .   b - +0 leather armour
rPois    .         Reflect  .   (no helmet)
rElec    .         Harm     .   (no cloak)
rCorr    .         Rampage  .   (no gloves)
Will     .....                  (no barding)
Stlth    +.........             (no amulet)
HPRegen  0.10/turn              (no ring)
MPRegen  0.10/turn              (no ring)

@: lethally poisoned (0 -> -2), very slightly contaminated
A: large, rugged brown scales 3, see invisible, deformed body, roll 1, armoured
tail
a: Rolling Charge


You were on level 2 of the Dungeon.
You visited 1 branch of the dungeon, and saw 2 of its levels.

You collected 112 gold pieces.

Inventory:

Hand Weapons
 a - a +0 falchion (weapon)
 j - a +3 short sword
Missiles
 e - 5 boomerangs of dispersal
Armour
 b - a +0 leather armour (worn)
Scrolls
 g - a scroll of enchant armour {unknown}
Potions
 c - 2 potions of flight
 d - a potion of cancellation {unknown}
 f - a potion of lignification {unknown}
 h - a potion of curing {unknown}
 i - 2 potions of haste {unknown}
 k - a potion of ambrosia {unknown}


   Skills:
 - Level 2.0 Fighting
 + Level 2.6 Long Blades
 - Level 0.6 Throwing
 + Level 1.4 Armour
 + Level 2.1 Dodging
 - Level 2.0 Spellcasting
 + Level 3.5 Translocations


You had 4 spell levels left.
You knew the following spells:

 Your Spells              Type           Power        Failure   Level
a - Blink                 Tloc           N/A          11%         2

Your spell library contained the following spells:

 Spells                   Type           Power        Failure   Level
 Gell's Gravitas          Tloc           5%           22%         3
 Lesser Beckoning         Tloc           5%           22%         3
 Teleport Other           Tloc           10%          22%         3
 Passage of Golubria      Tloc           N/A          58%         4


Dungeon Overview and Level Annotations

Branches:
Dungeon (2/15)

Altars:
Xom


Innate Abilities, Weirdness & Mutations

You are completely covered in rugged brown scales. (AC +3, +7% HP)
You have supernaturally acute eyesight. (SInv)
Armour fits poorly on your strangely shaped body.
You can roll at nearby foes to attack.
You have a long armoured tail.


Message History

You feel sick.
You feel sick.
The giant cockroach waves its antennae.
Found a hand axe.
You feel sick.
You feel sick. The adder closely misses you.
Casting: Blink (safe; 11% risk of failure)
Confirm with . or Enter, or press ? or * to list all spells.
You miscast Blink.
You are very lightly contaminated with residual magic.
Nothing appears to happen.
You feel sick. The adder bites you.
* * * LOW HITPOINT WARNING * * *
Casting: Blink (safe; 11% risk of failure)
Confirm with . or Enter, or press ? or * to list all spells.
You don't have enough magic to cast that spell.
Casting: Blink (safe; 11% risk of failure)
Confirm with . or Enter, or press ? or * to list all spells.
You don't have enough magic to cast that spell.
The adder bites you.
You die...

#########
#.......#
#.......#
#.......#
#.......#
######.......#
.............#
#.@.....###
...#
###SB.....#
...# #.......#
#... #.......#
.... #.......#
.#####
#.......#
.....#
#...g...#
...#.#
#.......#
......
#.......#


You could see an adder, a giant cockroach and a hobgoblin.

Vanquished Creatures
  2 adders
  A leopard gecko (D:1)
  4 bats
  A giant cockroach (D:1)
  2 goblins (D:1)
  3 hobgoblins
  3 jackals (D:1)
  10 kobolds
  2 frilled lizards
  8 rats
36 creatures vanquished.

Notes
Turn   | Place    | Note
-------+----------+-------------------------------------------
     0 | D:1      | Arcadio the Palentonga Warper began the quest for the Orb.
     0 | D:1      | Reached XP level 1. HP: 18/18 MP: 3/3
   216 | D:1      | Reached skill level 1 in Armour
   345 | D:1      | Reached XP level 2. HP: 25/25 MP: 5/5
   356 | D:1      | Learned a level 2 spell: Blink
  1061 | D:2      | Found a shimmering altar of Xom.
  1082 | D:2      | Reached XP level 3. HP: 7/31 MP: 6/6
  1806 | D:2      | Slain by an adder

Illustrated notes

Levels and vault maps discovered:
D:1:      mrwooster_arrival_statue, layout_loops_ring, minmay_misc_feat_cross
D:2:      minmay_chambers_of_twos, layout_basic, old_standard_altar,
          amcnicky_mini_rare_corridor_liquid

Skill      XL: |  1  2 |
---------------+-------+-----
Armour         | 1 |  1.4
Dodging        | 2 |  2.1
Fighting       | |  2.0
Long Blades    | |  2.6
Throwing       | |  0.6
Spellcasting   | |  2.0
Translocations | |  3.5

Action                   || total
-------------------------++-------
Melee: Falchion          ||   114
       Tailslap          ||    10
 Cast: Blink             ||     2
 Abil: Rolling Charge    ||     1
  Use: Scroll            ||     4
Armor: Leather armour    ||    66
Dodge: Dodged            ||    87
       Rpst.: Falchion   ||    27
